 Dungeon Crawl Stone Soup version 0.23.2-33-g5129a83184 (webtiles) character file.

Game seed: 4826092686332889018

1531 Saltbearer the Protected (level 8, -9/66 HPs)
             Began as a Minotaur Fighter on July 20, 2019.
             Killed by divine providence
             ... invoked by an orc priest
              (16 damage)
             ... on level 5 of the Dungeon.
             The game lasted 00:09:42 (4366 turns).

Saltbearer the Protected (Minotaur Fighter)         Turns: 4366, Time: 00:09:43

Health: -9/66      AC: 11    Str: 23    XL:     8   Next: 55%
Magic:  7/7        EV:  7    Int:  5    God:
Gold:   9          SH:  9    Dex: 10    Spells: 7/7 levels left

rFire    . . .     SeeInvis .   a - +0 long sword
rCold    . . .     Gourm    .   c - +0 shield
rNeg     . . .     Faith    .   b - +0 scale mail
rPois    .         Spirit   .   (helmet restricted)
rElec    .         Reflect  .   (no cloak)
rCorr    .         Harm     .   o - +1 pair of gloves
MR       .....                  (no boots)
Stlth    ..........             (no amulet)
HPRegen  0.21/turn              (no ring)
MPRegen  0.10/turn              (no ring)

@: no status effects
A: retaliatory headbutt, horns 2
a: no special abilities


You were on level 5 of the Dungeon.
You were not hungry.

You visited 1 branch of the dungeon, and saw 5 of its levels.

You collected 189 gold pieces.
You spent 180 gold pieces at shops.

Inventory:

Hand Weapons
 a - a +0 long sword (weapon)
Armour
 b - a +0 scale mail (worn)
 c - a +0 shield (worn)
 o - a +1 pair of gloves (worn)
Scrolls
 h - a scroll of fog
 i - a scroll of enchant armour
 k - 4 scrolls of identify
Potions
 d - a potion of magic {unknown}
 e - a potion of cancellation {unknown}
 g - a potion of curing {unknown}
 j - a potion of mutation {unknown}
 m - a potion of flight {unknown}
Comestibles
 f - 5 rations


   Skills:
 - Level 4.1 Fighting
 + Level 8.6 Long Blades
 - Level 10.0 Armour
 - Level 4.1 Shields


You had 7 spell levels left.
You didn't know any spells.
Your spell library contained the following spells:

 Spells                   Type           Power        Failure   Level  Hunger
 Beastly Appendage        Tmut           #.....       99%         1    ##.....
 Sticks to Snakes         Tmut           #.......     100%        2    ###....
 Spider Form              Tmut/Pois      #.........   100%        3    ####...
 Ice Form                 Ice/Tmut       #.......     100%        4    #####..
 Blade Hands              Tmut           #.........   100%        5    ######.


Dungeon Overview and Level Annotations

Branches:
Dungeon (5/15)
 Temple: D:4-7

Altars:
Ashenzari
Qazlal

Shops:
D:4 [


Innate Abilities, Weirdness & Mutations

You reflexively headbutt those who attack you in melee.
You have a pair of horns on your head.


Message History

A centaur zombie comes into view.
The adder bites you but does no damage.
Found a stone staircase leading down.
You block the centaur zombie's attack. The adder bites you but does no damage.
You block the centaur zombie's attack. You block the adder's attack.
The centaur zombie hits you but does no damage.
You block the adder's attack. You block the centaur zombie's attack.
You block the adder's attack.
An orc priest comes into view.
It is wielding a +2 hand axe of flaming.
The orc priest mumbles some strange prayers to Beogh against you.
Beogh smites you!
* * * LOW HITPOINT WARNING * * *
The centaur zombie barely misses you. The adder bites you but does no damage.
The sentinel's mark upon you fades away.
The orc priest invokes the aid of Beogh against you.
Beogh smites you!
You die...

....# ..........## ....### ..
...###...#### ......# ## ... ...#
##.....# ....#.. .... #.###..#
##.....# ....... ...
##..##..###.....#### ....##..
#.##.o.#.[##...........
........###.....##..<............
.........#......#....(...........
###..#..........@.....[...##..##.
##.##........Z##.##(...## #....
#..# ##.....S#####.(.[# #..#
###..## #......Y.....(.#..# ..#
......###............(##...# .#
#..#...##......J..#......#... .
#..##...........####.....#....
#....########....###.......###.
#....# ####..#.......##


You could see an ice beast, a jelly, an orc priest, an adder and a centaur
zombie.

Vanquished Creatures
  Pikel (D:3)
  Grinder (D:3)
  A necrophage (D:5)
  A sky beast (D:5)
  An ogre (D:4)
  A centaur (D:5)
  2 crimson imps
  A bullfrog zombie (D:5)
  A hound (D:4)
  3 orc priests
  3 orc wizards
  A bullfrog skeleton (D:4)
  A gnoll (D:1)
  2 adders
  An ooze (D:3)
  An adder zombie (D:5)
  4 worms
  A dart slug (D:1)
  3 leopard geckos
  7 orcs
  2 ball pythons
  4 bats
  4 giant cockroaches
  14 goblins
  11 hobgoblins
  8 jackals (D:3)
  4 quokkas
  8 frilled lizards
  A jackal skeleton (D:5)
  6 kobolds
  8 rats
107 creatures vanquished.

Vanquished Creatures (others)
  A dart slug (D:4)
  An orc (D:4)
  A quokka skeleton (D:4)
3 creatures vanquished.

Grand Total: 110 creatures vanquished

Notes
Turn   | Place    | Note
-------+----------+-------------------------------------------
     0 | D:1      | Saltbearer the Minotaur Fighter began the quest for the
                  | Orb.
     0 | D:1      | Reached XP level 1. HP: 19/19 MP: 0/0
   158 | D:1      | Reached XP level 2. HP: 25/27 MP: 1/1
   236 | D:1      | Reached skill level 4 in Armour
   440 | D:1      | Reached XP level 3. HP: 31/33 MP: 2/2
  1138 | D:2      | Reached XP level 4. HP: 38/40 MP: 3/3
  1812 | D:3      | Reached skill level 5 in Long Blades
  1899 | D:3      | Noticed Grinder
  1905 | D:3      | Paralysed by Grinder for 7 turns
  1917 | D:3      | Killed Grinder
  1917 | D:3      | Reached skill level 6 in Armour
  1917 | D:3      | Reached XP level 5. HP: 31/46 MP: 4/4
  1917 | D:3      | Reached XP level 6. HP: 36/52 MP: 5/5
  2279 | D:4      | Noticed Pikel
  2279 | D:4      | Noticed a slave
  2279 | D:4      | Noticed a slave
  2279 | D:4      | Noticed a slave
  2280 | D:4      | Noticed a slave
  2308 | D:3      | HP: 2/52 [Pikel/+2 whip of freezing (2)]
  2309 | D:3      | Killed Pikel
  2309 | D:3      | Reached skill level 9 in Armour
  2309 | D:3      | Reached XP level 7. HP: 3/59 MP: 6/6
  2655 | D:4      | Found a stormy altar of Qazlal.
  2718 | D:4      | Found Wagadafo's Antique Armour Emporium.
  3183 | D:5      | Entered Level 5 of the Dungeon
  3241 | D:5      | Reached skill level 10 in Armour
  3275 | D:4      | Bought a pair of runed gloves for 180 gold pieces
  3329 | D:5      | Found a shattered altar of Ashenzari.
  3353 | D:5      | Reached XP level 8. HP: 66/66 MP: 7/7
  4366 | D:5      | Killed from afar by an orc priest

Skill      XL: |  1  2  3  4  5  6  7  8 |
---------------+-------------------------+-----
Fighting       | 4 |  4.1
Armour         | 4 6 9 10 | 10.0
Shields        | 4 |  4.1
Long Blades    | 4 5 8 |  8.6

Action                   |  1- 3 |  4- 6 |  7- 9 || total
-------------------------+-------+-------+-------++-------
Melee: Long sword        |   108 |    97 |   106 ||   311
       Headbutt          |    16 |    19 |    19 ||    54
  Use: Scroll            |     1 |     1 |     4 ||     6
       Potion            |       |     2 |     1 ||     3
  Eat: Chunk             |     1 |     4 |     2 ||     7
       Ration            |       |       |     2 ||     2
Armor: Scale mail        |    28 |    28 |    59 ||   115
Dodge: Dodged            |    20 |    27 |    34 ||    81
Block: Shield            |    51 |    34 |    59 ||   144
       Rpst.: Long sword |     3 |     7 |     4 ||    14
